 Dungeon Sprint DCSS version 0.16.1-28-gcc2312f (webtiles) character file.

791 Kidiri the Thaumaturge (level 7, -10/36 HPs)
             Began as a Deep Elf Fire Elementalist on May 28, 2015.
             Was a High Priest of Sif Muna.
             Mangled by an orc knight
             ... wielding a +0 battleaxe
              (19 damage)
             ... in the Dungeon (Sprint VII: "The Pits").
             The game lasted 00:08:46 (1212 turns).

Kidiri the Thaumaturge (Deep Elf Fire Elementalist) Turns: 1212, Time: 00:08:49

Health: -10/36     AC:  2    Str:  5    XL:     7   Next: 57%
Magic:  11/28      EV: 16    Int: 22    God:    Sif Muna [*****.]
Gold:   0          SH:  0    Dex: 15    Spells: 6 memorised, 9 levels left

rFire  . . .     SeeInvis .     m - staff of energy
rCold  . . .     Clarity  .     a - +0 robe (curse)
rNeg   . . .     SustAb   .     (no shield)
rPois  .         Gourm    .     (no helmet)
rElec  .         Spirit   .     (no cloak)
rCorr  .         Warding  .     (no gloves)
rMut   .         NoTele   +     (no boots)
MR     .....                    (no amulet)
Stlth  ++++......               (no ring)
                                (no ring)

@: very slightly contaminated, not resistant to hostile enchantments, stealthy
A: no striking features
a: Channel Energy, Forget Spell, Renounce Religion


You were in the Dungeon.
You worshipped Sif Muna.
Sif Muna was extremely pleased with you.
You were not hungry.

You visited 1 branch

Inventory:

Armour
 a - a cursed +0 robe (worn)
Magical staves
 m - an uncursed staff of energy (weapon)
Scrolls
 n - 3 scrolls of remove curse
 o - 5 scrolls of amnesia
 p - a scroll of summoning
Potions
 d - 5 potions of curing
 e - 6 potions of heal wounds
 f - a potion of haste
 g - 4 potions of magic
 h - 3 potions of berserk rage
 l - 2 potions of invisibility
Books
 b - a book of Flames

   Spells                             Type                      Level
   a - Flame Tongue                   Conjuration/Fire             1
   b - Throw Flame                    Conjuration/Fire             2
   c - Conjure Flame                  Conjuration/Fire             3
   d - Inner Flame                    Hexes/Fire                   3
   e - Sticky Flame                   Conjuration/Fire             4
   f - Fireball                       Conjuration/Fire             5
Comestibles
 c - 8 bread rations
 j - 40 fruits
 k - 7 meat rations


   Skills:
 + Level 5.4 Staves
 + Level 7.0 Dodging
 + Level 7.6 Stealth
 * Level 10.6 Spellcasting
 * Level 8.7 Conjurations
 + Level 1.3 Hexes
 * Level 9.3 Fire Magic


You had 9 spell levels left.
You knew the following spells:

 Your Spells              Type           Power        Failure   Level  Hunger
a - Flame Tongue          Conj/Fire      #####        1%          1    None
b - Throw Flame           Conj/Fire      ######       1%          2    None
c - Conjure Flame         Conj/Fire      ######..     1%          3    None
d - Inner Flame           Hex/Fire       #####...     1%          3    None
e - Sticky Flame          Conj/Fire      ######..     1%          4    None
f - Fireball              Conj/Fire      ######....   4%          5    None


Dungeon Overview and Level Annotations

Branches:
Dungeon (1/1)

Altars:
Ashenzari
Cheibriados
Dithmenos
Elyvilon
Fedhas
Kikubaaqudgha
Makhleb
Nemelex Xobeh
Okawaru
Ru
Sif Muna
Trog
Vehumet
Xom
Yredelemnul
Zin
The Shining One
Beogh
Jiyva
Lugonu


Message History

You kill the orc!
The orc knight is engulfed in roaring flames.
Unknown command.
Press: ? - help, v - describe, . - travel, g - get item
Here: an orc knight, wielding a battleaxe and wearing a plate armour (lightly wounded)
A club.
There is something else lying underneath.
An open door.
Casting: Fireball
Confirm with . or Enter, or press ? or * to list all spells.
Aiming: Sticky Flame
Press: ? - help, Shift-Dir - straight line, f/p - orc knight
Aim: an orc knight, wielding a battleaxe and wearing a plate armour (lightly wounded)
The sticky flame hits the orc knight.
The orc knight is moderately wounded.
The orc knight is covered in liquid flames!
The orc knight burns!
The orc knight hits you with a battleaxe!!
Ouch! That really hurt!
You die...

#.#))#.....##.......#
#.#[[###†####.......#
#.##'#.....##...<...#
#.#.)......##.......#
#.#........##.......#
#'###########.......#
#÷......#..##########
#..#.#..#.## ###
#.##.##.#@# ...#
#....†..#o#.T..#
#.##.##.#.To...+
#..#.#..#'#o...#
#.......')#o...#
########### ####


You could see an orc knight (burning), a deep troll, an orc warrior (frenzied)
and an orc (frenzied).

Vanquished Creatures
  A raven (D)
  A necrophage (D)
  An ice beast (D)
  An ogre (D)
  2 phantoms (D)
  A scorpion (D)
  A hound (D)
  A worker ant (D)
  A mummy (D)
  An adder (D)
  A gnoll (D)
  2 river rats (D)
  A giant mite (D)
  A giant eyeball (D)
  An adder skeleton (D)
  A giant gecko (D)
  An ooze (D)
  An orc (D)
  2 giant cockroaches (D)
  A goblin (D)
23 creatures vanquished.

Notes
Turn   | Place    | Note
--------------------------------------------------------------
     0 | D        | Kidiri, the Deep Elf Fire Elementalist, began the quest for the Orb.
     0 | D        | Reached XP level 1. HP: 10/10 MP: 5/5
    28 | D        | Found a sacrificial altar of Ru.
    28 | D        | Found a basalt altar of Yredelemnul.
    28 | D        | Found a shadowy altar of Dithmenos.
    28 | D        | Found a deep blue altar of Sif Muna.
    28 | D        | Found a burning altar of Makhleb.
    28 | D        | Found a shimmering altar of Xom.
    28 | D        | Found an ancient bone altar of Kikubaaqudgha.
    28 | D        | Found a sparkling altar of Nemelex Xobeh.
    29 | D        | Found a glowing golden altar of the Shining One.
    29 | D        | Found a bloodstained altar of Trog.
    29 | D        | Found a shattered altar of Ashenzari.
    29 | D        | Found a white marble altar of Elyvilon.
    29 | D        | Found a snail-covered altar of Cheibriados.
    29 | D        | Found a blossoming altar of Fedhas.
    29 | D        | Found a radiant altar of Vehumet.
    29 | D        | Found a glowing silver altar of Zin.
    29 | D        | Found a corrupted altar of Lugonu.
    29 | D        | Found a viscous altar of Jiyva.
    29 | D        | Found a roughly hewn altar of Beogh.
    29 | D        | Found an iron altar of Okawaru.
    32 | D        | Became a worshipper of Sif Muna the Loreminder
    60 | D        | Reached XP level 2. HP: 15/15 MP: 4/8
    65 | D        | Learned a level 2 spell: Throw Flame
    74 | D        | Reached skill level 1 in Staves
    74 | D        | Reached skill level 4 in Spellcasting
   295 | D        | Noticed a worker ant
   303 | D        | Killed a worker ant
   303 | D        | Reached XP level 3. HP: 19/19 MP: 2/13
   391 | D        | Reached skill level 5 in Spellcasting
   424 | D        | Acquired Sif Muna's first power
   425 | D        | Reached skill level 5 in Fire Magic
   480 | D        | Learned a level 3 spell: Conjure Flame
   484 | D        | Learned a level 3 spell: Inner Flame
   485 | D        | Reached XP level 4. HP: 21/24 MP: 14/17
   491 | D        | Learned a level 4 spell: Sticky Flame
   551 | D        | Noticed a necrophage
   559 | D        | Killed a necrophage
   559 | D        | Acquired Sif Muna's second power
   559 | D        | Reached skill level 5 in Stealth
   559 | D        | Reached skill level 7 in Spellcasting
   559 | D        | Reached skill level 5 in Conjurations
   559 | D        | Reached XP level 5. HP: 28/28 MP: 5/21
   566 | D        | Learned a level 5 spell: Fireball
   654 | D        | Noticed a phantom
   660 | D        | Killed a phantom
   660 | D        | Reached skill level 5 in Dodging
   660 | D        | Reached skill level 8 in Spellcasting
   663 | D        | Noticed a phantom
   663 | D        | Noticed a scorpion
   666 | D        | Noticed a hound
   672 | D        | Killed a hound
   672 | D        | Killed a scorpion
   672 | D        | Reached XP level 6. HP: 32/32 MP: 0/24
   672 | D        | Killed a phantom
   672 | D        | Acquired Sif Muna's third power
   672 | D        | Reached skill level 9 in Spellcasting
   799 | D        | Noticed an ogre
   806 | D        | Killed an ogre
   948 | D        | Noticed a raven
   951 | D        | Killed a raven
   951 | D        | Reached skill level 5 in Staves
   951 | D        | Reached skill level 10 in Spellcasting
   951 | D        | Reached XP level 7. HP: 15/36 MP: 18/28
  1129 | D        | Noticed an ice beast
  1135 | D        | Killed an ice beast
  1135 | D        | Reached skill level 1 in Hexes
  1206 | D        | Noticed a deep troll
  1206 | D        | Noticed an orc knight
  1206 | D        | Noticed an orc warrior
  1206 | D        | Noticed an orc warrior
  1207 | D        | Noticed an orc warrior
  1212 | D        | Mangled by an orc knight

Action                   |  1- 3 |  4- 6 |  7- 9 || total
-------------------------+-------+-------+-------++-------
Melee: Staff             |     3 |       |       ||     3
 Cast: Flame Tongue      |    27 |    14 |     3 ||    44
       Throw Flame       |     1 |     7 |       ||     8
       Conjure Flame     |       |     4 |     2 ||     6
       Inner Flame       |       |     1 |     3 ||     4
       Sticky Flame      |       |     1 |     3 ||     4
       Fireball          |       |       |     1 ||     1
  Use: Potion            |     1 |       |       ||     1
       Scroll            |       |       |     1 ||     1
  Eat: Chunk             |       |       |     1 ||     1
